[Event "Titled Tuesday Blitz December 27 Early 2022"]
[White "Poeta, Caio Medeiros"]
[Black "Costachi, Mihnea"]
[WhiteFideId "2142660"]
[BlackFideId "1217518"]
[WhiteElo "2088"]
[BlackElo "2476"]
[Result "0-1"]
[Round "06"]
[TimeControl "180+2"]
[Date "2022.12.27"]
[WhiteClock "0:00:07"]
[BlackClock "0:00:16"]

1. d4 a6 2. c4 e6 3. g3 d5 4. Nd2 c5 5. dxc5 dxc4 6. Qa4+ Nd7 7. Qxc4 Bxc5 8. Bg2 Qb6 9. e3 Ngf6 10. Ngf3 O-O 11. O-O Qa7 12. Nb3 b5 13. Qh4 Be7 14. Nfd4 Bb7 15. Nc6 Bxc6 16. Bxc6 Rac8 17. Bg2 Ne5 18. Qd4 Qb8 19. Bd2 Rfd8 20. Qf4 Rc4 21. e4 Rd3 22. Bc3 Bd6 23. Qg5 h6 24. Qh4 Ng6 25. Qh3 Nf4 26. Qh4 Ng6 27. Qh3 Be5 28. Nc1 Nf4 29. Qh4 Nxg2 30. Kxg2 Rxe4 31. Nxd3 Rxh4 32. gxh4 Bxc3 33. bxc3 Ng4 34. Rh1 Qb7+ 35. Kg3 Qe4 36. Rad1 Nf6 37. f3 Nh5+ 38. Kf2 Qxh4+ 39. Ke2 Qc4 40. Kd2 Qxa2+ 41. Ke3 Qc4 42. Rd2 Qxc3 43. Rc1 Qf6 44. Rc8+ Kh7 45. Rc7 Qg5+ 46. Ke2 Qg2+ 47. Kd1 Qxf3+ 48. Kc2 f6 49. Rf2 Qe4 50. Rd2 Qa4+ 51. Kb2 Qd4+ 52. Kc2 Nf4 53. Nxf4 Qxf4 54. Rc3 Qe4+ 55. Kb2 b4 56. Rcd3 a5 57. Rd7 a4 58. R2d4 Qe2+ 59. Kb1 b3 60. Rd2 Qe1+ 61. Kb2 Qe5+ 62. Ka3 Qa1+ 63. Kb4 b2 64. Rxb2 Qxb2+ 65. Kxa4 Qxh2 66. Kb5 Qe5+ 67. Kc6 h5 68. Rd8 h4 69. Rd7 h3 70. Rd3 Qe4+ 71. Rd5 Qxd5+ 0-1


[Site "https://www.chess.com"]

[Event "Titled Tuesday Blitz December 27 Early 2022"]
[White "Postnikov, Artem"]
[Black "Makhmudov, Shukhrat"]
[WhiteFideId "34153575"]
[BlackFideId "14200775"]
[WhiteElo "2197"]
[BlackElo "2115"]
[Result "1-0"]
[Round "06"]
[TimeControl "180+2"]
[Date "2022.12.27"]
[WhiteClock "0:00:06"]
[BlackClock "0:00:06"]

1. d4 Nf6 2. c4 e6 3. Nc3 Bb4 4. Qc2 c5 5. dxc5 Nc6 6. a3 Bxc5 7. Bf4 a6 8. b4 Be7 9. Nf3 d5 10. Rd1 O-O 11. e3 Qe8 12. cxd5 exd5 13. Be2 Be6 14. O-O Rc8 15. Qb2 b5 16. Ne5 Nxe5 17. Bxe5 Nd7 18. Bd4 Bf6 19. Bf3 Bxd4 20. Rxd4 Ne5 21. Bxd5 Bxd5 22. Nxd5 Nc4 23. Qb3 Qe5 24. Rfd1 Rc6 25. h3 Rg6 26. Nf4 Rf6 27. a4 g5 28. Nh5 Rf5 29. axb5 axb5 30. Ng3 Rf6 31. Rd5 Qb2 32. Qxb2 Nxb2 33. Rxg5+ Rg6 34. Rdd5 Rxg5 35. Rxg5+ Kh8 36. Rxb5 Nd3 37. Rb7 Rc8 38. Ne4 Rc1+ 39. Kh2 Rc4 40. Nd6 Rxb4 41. Rxb4 Nxb4 42. Nxf7+ Kg7 43. Ne5 Nd3 44. f4 Kh6 45. g4 Nf2 46. Kg3 Ne4+ 47. Kh4 Kg7 48. g5 h6 49. g6 Kf6 50. Kg4 Nf2+ 51. Kg3 Ne4+ 52. Kg2 Nd6 53. h4 Nf5 54. h5 Nxe3+ 55. Kf3 Nf5 56. Ng4+ Kg7 57. Ne3 Nh4+ 58. Kg4 Nxg6 59. hxg6 Kxg6 60. f5+ Kf6 61. Kh5 Kg7 62. Ng4 Kh7 63. Nxh6 Kg7 64. Ng4 Kh7 65. f6 Kg8 66. Kg6 Kh8 67. Kf7 Kh7 68. Ke7 Kg6 69. f7 Kh7 70. f8=Q Kg6 71. Qf6+ Kh7 72. Qh6+ Kg8 73. Nf6# 1-0


[Site "https://www.chess.com"]

[Event "Titled Tuesday Blitz December 27 Early 2022"]
[White "Potapova, Margarita"]
[Black "Zemlyanskii, Ivan"]
[WhiteFideId "14126869"]
[BlackFideId "24249971"]
[WhiteElo "2104"]
[BlackElo "2300"]
[Result "1-0"]
[Round "06"]
[TimeControl "180+2"]
[Date "2022.12.27"]
[WhiteClock "0:01:46"]
[BlackClock "0:00:45"]

1. d4 d5 2. c4 c6 3. Nf3 Nf6 4. g3 Bg4 5. Ne5 Bf5 6. Qb3 Qb6 7. cxd5 Nxd5 8. Bg2 Nb4 9. Qxf7+ Kd8 10. Qxf5 g6 11. Qe4 Nd7 12. Nf7+ Ke8 13. Nxh8 Nf6 14. Qe6 Nc2+ 15. Kf1 Qxd4 16. Nc3 Nxa1 17. Bxc6+ Kd8 18. Nf7+ Kc7 19. Bf4+ Kb6 20. Be3 1-0


[Site "https://www.chess.com"]

[Event "Titled Tuesday Blitz December 27 Early 2022"]
[White "Preotu, Razvan"]
[Black "Zierk, Steven"]
[WhiteFideId "2613280"]
[BlackFideId "2034255"]
[WhiteElo "2475"]
[BlackElo "2488"]
[Result "0-1"]
[Round "06"]
[TimeControl "180+2"]
[Date "2022.12.27"]
[WhiteClock "0:00:17"]
[BlackClock "0:02:10"]

1. e4 e6 2. d4 d5 3. Nc3 Bb4 4. e5 c5 5. a3 Bxc3+ 6. bxc3 Qa5 7. Bd2 Qa4 8. Qg4 Kf8 9. h4 Qxc2 10. dxc5 Ne7 11. h5 h6 12. Rc1 Qe4+ 13. Qxe4 dxe4 14. Rh4 Nd7 15. Rxe4 Nxc5 16. Rd4 Nc6 17. Rb1 Nxd4 18. cxd4 Nd7 19. Bb4+ Ke8 20. Rc1 Nb6 21. Bd6 Bd7 22. Rc7 Rc8 23. Rxb7 Rc1+ 24. Ke2 Bb5+ 25. Kd2 Rxf1 26. Rb8+ Kd7 27. Rxh8 Rxg1 28. Rf8 Nc4+ 29. Kc3 Nxd6 30. exd6 Rxg2 31. Rxf7+ Kxd6 0-1


[Site "https://www.chess.com"]

[Event "Titled Tuesday Blitz December 27 Early 2022"]
[White "Roque Sola, Gisela"]
[Black "Sovetbekova, Nurai"]
[WhiteFideId "5120241"]
[BlackFideId "13801910"]
[WhiteElo "2061"]
[BlackElo "1764"]
[Result "1-0"]
[Round "06"]
[TimeControl "180+2"]
[Date "2022.12.27"]
[WhiteClock "0:00:20"]
[BlackClock "0:00:02"]

1. e4 c5 2. Nf3 d6 3. d4 cxd4 4. Nxd4 Nf6 5. Nc3 a6 6. Be2 e5 7. Nb3 Be7 8. O-O O-O 9. Kh1 Be6 10. f4 exf4 11. Bxf4 Nc6 12. Nd4 Bd7 13. Bf3 Ne5 14. Nd5 Nxd5 15. exd5 Bf6 16. c3 Qc7 17. Qe1 Nd3 18. Qg3 Nxf4 19. Qxf4 Qc4 20. Qxd6 Rad8 21. Qb6 Bxd4 22. cxd4 Rfe8 23. b3 Qc2 24. Qxb7 Bb5 25. Rfe1 Qf2 26. Rf1 Qxd4 27. Rfd1 Qf2 28. a4 Be2 29. Bxe2 Rxe2 30. d6 h6 31. d7 Re5 32. Rac1 Rh5 33. Qf3 Qh4 34. h3 Re5 35. Rc8 Re1+ 36. Rxe1 Qxe1+ 37. Kh2 Qe5+ 38. Qg3 Qe7 39. Qc7 Qxd7 40. Rxd8+ 1-0


[Site "https://www.chess.com"]

[Event "Titled Tuesday Blitz December 27 Early 2022"]
[White "Royal, Shreyas"]
[Black "Hirneise, Jens"]
[WhiteFideId "448869"]
[BlackFideId "24614734"]
[WhiteElo "2438"]
[BlackElo "2277"]
[Result "0-1"]
[Round "06"]
[TimeControl "180+2"]
[Date "2022.12.27"]
[WhiteClock "0:00:29"]
[BlackClock "0:00:17"]

1. e4 c5 2. Nf3 a6 3. d4 cxd4 4. Nxd4 Nf6 5. Nc3 e5 6. Nb3 Bb4 7. Bd3 d5 8. exd5 Nxd5 9. Bd2 Nxc3 10. bxc3 Be7 11. Qh5 Nc6 12. O-O g6 13. Qh6 Bf8 14. Qe3 Bg7 15. Qc5 Qe7 16. Rab1 O-O 17. Qxe7 Nxe7 18. Nc5 b5 19. c4 bxc4 20. Bxc4 Bf5 21. Rb7 Rac8 22. Be3 Bf6 23. Rfb1 Rc6 24. R1b6 Rfc8 25. Bxa6 Nd5 26. Rxc6 Rxc6 27. Bb5 Rc8 28. Bd7 Ra8 29. Bxf5 gxf5 30. Nd7 Rxa2 31. h3 Kg7 32. Bc5 Rxc2 33. Bf8+ Kg6 34. Rb6 Nxb6 35. Nxb6 e4 36. Nd5 Be5 37. g3 Bd4 38. Nf4+ Kf6 39. Nh5+ Ke6 40. Nf4+ Kd7 41. h4 Rxf2 42. Kh1 e3 43. Bb4 e2 44. Nd3 Rf3 45. Ne1 Rxg3 46. Kh2 f4 47. Bd2 Be3 48. Bc3 Bg1+ 49. Kh1 Bf2 50. Nd3 Rxd3 0-1


[Site "https://www.chess.com"]

[Event "Titled Tuesday Blitz December 27 Early 2022"]
[White "Rustemov, Alexander"]
[Black "Ambartsumova, Karina"]
[WhiteFideId "4119002"]
[BlackFideId "4166299"]
[WhiteElo "2525"]
[BlackElo "2393"]
[Result "1-0"]
[Round "06"]
[TimeControl "180+2"]
[Date "2022.12.27"]
[WhiteClock "0:01:07"]
[BlackClock "0:00:09"]

1. d4 Nf6 2. c4 g6 3. Nf3 Bg7 4. g3 O-O 5. Bg2 d6 6. O-O c6 7. Nc3 Bf5 8. Ne1 d5 9. Qb3 Qb6 10. Qxb6 axb6 11. cxd5 cxd5 12. Nxd5 Nxd5 13. Bxd5 Bxd4 14. Bxb7 Ra7 15. Bg2 Rc8 16. Nf3 Bf6 17. Rd1 Nd7 18. h3 Rc2 19. g4 Be6 20. Nd4 Bxd4 21. Rxd4 Rxe2 22. Bh6 Rxb2 23. Rc1 f6 24. Rc8+ Kf7 25. Rh8 Raxa2 26. Rxh7+ Ke8 27. Rh8+ Kf7 28. Be3 Ne5 29. Rh7+ Kg8 30. Rxe7 Bf7 31. Rd6 Kg7 32. g5 fxg5 33. Rxe5 1-0


[Site "https://www.chess.com"]

[Event "Titled Tuesday Blitz December 27 Early 2022"]
[White "Sai Krishna G V"]
[Black "Demidov, Mikhail"]
[WhiteFideId "5028280"]
[BlackFideId "4197143"]
[WhiteElo "2384"]
[BlackElo "2583"]
[Result "1-0"]
[Round "06"]
[TimeControl "180+2"]
[Date "2022.12.27"]
[WhiteClock "0:00:14"]
[BlackClock "0:00:05"]

1. e4 Nf6 2. e5 Nd5 3. d4 d6 4. c4 Nb6 5. f4 g6 6. h4 dxe5 7. fxe5 c5 8. d5 Bg7 9. Bf4 O-O 10. Nc3 e6 11. d6 Nc6 12. Nf3 Nd7 13. Qe2 Nd4 14. Nxd4 cxd4 15. Nb5 Qa5+ 16. Bd2 Qb6 17. Bf4 a6 18. Nc7 Rb8 19. a3 d3 20. Qf2 Qxf2+ 21. Kxf2 Nxe5 22. Rd1 Rd8 23. Bxd3 Rxd6 24. Be2 Rd7 25. Ne8 Bh8 26. Bg5 Kf8 27. Nf6 Bxf6 28. Bxf6 Rxd1 29. Rxd1 Nd7 30. Bd8 Ke8 31. Bc7 Ra8 32. Bf3 a5 33. c5 Nxc5 34. Rd8+ Ke7 35. Rh8 h5 36. Bb6 Nd3+ 37. Ke3 Nxb2 38. Kd4 Na4 39. Bd8+ Kd7 40. Be2 Kc6 41. Bf3+ Kd7 42. Be2 Kc6 43. Bf3+ Kd6 44. Bd1 b5 45. Bf3 Rb8 46. Bf6 Kd7 47. Be5 Rb6 48. Rf8 b4 49. Rxf7+ Ke8 50. Rc7 b3 51. Rxc8+ Kd7 52. Rc1 b2 53. Rb1 Rb3 54. Bd1 Nc3 55. Bxb3 Nxb1 56. Kd3 Nxa3 57. Bxb2 Nb5 58. Ba4 Kc6 59. Kc4 Kd6 60. Bxb5 e5 61. Kd3 1-0


[Site "https://www.chess.com"]

[Event "Titled Tuesday Blitz December 27 Early 2022"]
[White "Sailer, Mike"]
[Black "Levitan, Caleb Levi"]
[WhiteFideId "2012901"]
[BlackFideId "14332620"]
[WhiteElo "2109"]
[BlackElo "2129"]
[Result "1/2-1/2"]
[Round "06"]
[TimeControl "180+2"]
[Date "2022.12.27"]
[WhiteClock "0:00:09"]
[BlackClock "0:00:06"]

1. Nf3 Nf6 2. c4 e6 3. g3 d5 4. Bg2 dxc4 5. O-O Be7 6. Qc2 a6 7. Qxc4 b5 8. Qc2 Bb7 9. d4 Nbd7 10. Bf4 c5 11. Rd1 Rc8 12. dxc5 Bxc5 13. Qb3 Qb6 14. e3 Bd5 15. Qd3 O-O 16. Nc3 Bb7 17. Ne5 Bxg2 18. Kxg2 Rfd8 19. Nxd7 Rxd7 20. Qe2 b4 21. Rxd7 Nxd7 22. Ne4 e5 23. Bg5 f6 24. Bh4 Qb7 25. Qf3 Qc7 26. g4 Nf8 27. Bg3 Ne6 28. Rd1 Qe7 29. h4 Rd8 30. Rxd8+ Qxd8 31. g5 fxg5 32. Nxg5 Nxg5 33. hxg5 Be7 34. Qe4 Bxg5 35. Qxe5 Bf6 36. Qe6+ Kh8 37. Qxa6 h6 38. Qb5 Qa8+ 39. Kh2 Qxa2 40. Qxb4 Qxb2 41. Qxb2 Bxb2 42. Kg2 Kg8 43. f3 Kf7 44. e4 Kf6 45. Kf2 Be5 46. Bxe5+ Kxe5 47. Kg3 h5 48. Kh4 g6 49. Kg5 Ke6 50. f4 Kd6 51. f5 gxf5 52. exf5 h4 53. Kxh4 Ke7 54. Kg5 Kf7 55. f6 Kf8 56. Kf5 Kf7 57. Ke5 Kf8 58. Ke4 Kf7 59. Kf5 Kf8 60. Ke6 Ke8 61. f7+ Kf8 62. Kf6 1/2-1/2


[Site "https://www.chess.com"]

[Event "Titled Tuesday Blitz December 27 Early 2022"]
[White "Saleem, Arshaq"]
[Black "Goltseva, Ekaterina"]
[WhiteFideId "2081857"]
[BlackFideId "24173770"]
[WhiteElo "2133"]
[BlackElo "2283"]
[Result "1/2-1/2"]
[Round "06"]
[TimeControl "180+2"]
[Date "2022.12.27"]
[WhiteClock "0:00:17"]
[BlackClock "0:00:05"]

1. d4 Nf6 2. c4 e6 3. g3 d5 4. Nf3 Bb4+ 5. Nbd2 O-O 6. Bg2 b6 7. O-O Bb7 8. a3 Be7 9. b4 dxc4 10. Nxc4 c5 11. bxc5 bxc5 12. Rb1 Be4 13. Ra1 Nc6 14. dxc5 Bxc5 15. Qa4 Nd4 16. Nxd4 Bxg2 17. Kxg2 Bxd4 18. Ra2 Rc8 19. Rc2 Qd5+ 20. f3 Rfd8 21. Rd1 Qa8 22. Rcd2 Bc5 23. Bb2 Rxd2 24. Rxd2 Nd5 25. e4 Ne3+ 26. Nxe3 Bxe3 27. Rc2 h6 28. Be5 Bb6 29. Bd6 Rxc2+ 30. Qxc2 Qd8 31. Qc6 Kh7 32. h4 Bd4 33. h5 Qa5 34. Qc2 Qa6 35. e5+ Kh8 36. Qe4 Qb6 37. Qa8+ Kh7 38. Qe4+ Kh8 39. Qf4 Bc5 40. Qxf7 Bxd6 41. Qe8+ Kh7 42. Qg6+ Kh8 43. exd6 Qxd6 44. Qe8+ Kh7 45. Qg6+ Kh8 46. Qe8+ Kh7 47. Qg6+ Kh8 1/2-1/2


[Site "https://www.chess.com"]

[Event "Titled Tuesday Blitz December 27 Early 2022"]
[White "Sanal, Vahap"]
[Black "Zubritskiy, Artyom"]
[WhiteFideId "6300545"]
[BlackFideId "4181247"]
[WhiteElo "2600"]
[BlackElo "2442"]
[Result "0-1"]
[Round "06"]
[TimeControl "180+2"]
[Date "2022.12.27"]
[WhiteClock "0:00:04"]
[BlackClock "0:00:42"]

1. Nf3 f5 2. g3 Nf6 3. Bg2 g6 4. O-O Bg7 5. d3 O-O 6. Nc3 Nc6 7. e4 e5 8. d4 exd4 9. Nxd4 Nxd4 10. Qxd4 Nxe4 11. Qc4+ Kh8 12. Bxe4 fxe4 13. Qxe4 c6 14. Bf4 d5 15. Qe2 Re8 16. Qf3 Qf6 17. Rae1 Bh3 18. Rxe8+ Rxe8 19. Rc1 g5 20. Qh5 Qe6 21. Bd2 h6 22. f3 g4 23. Kh1 Kh7 24. Rg1 Rf8 25. Re1 Rxf3 26. Rd1 Rxc3 27. bxc3 Qe4+ 0-1


[Site "https://www.chess.com"]

[Event "Titled Tuesday Blitz December 27 Early 2022"]
[White "Sanchez, Robert"]
[Black "Antonio, Jorge Carlos"]
[WhiteFideId "2034360"]
[BlackFideId "113190"]
[WhiteElo "1966"]
[BlackElo "2277"]
[Result "1-0"]
[Round "06"]
[TimeControl "180+2"]
[Date "2022.12.27"]
[WhiteClock "0:00:05"]
[BlackClock "0:00:02"]

1. e4 c5 2. Nf3 e6 3. d4 cxd4 4. Nxd4 a6 5. Bd3 Nc6 6. Nb3 d5 7. O-O Nf6 8. Nc3 d4 9. Ne2 e5 10. h3 Be6 11. f4 Bd6 12. f5 Bd7 13. Bd2 O-O 14. g4 Nb4 15. Ng3 Nxd3 16. cxd3 a5 17. g5 Ne8 18. Qh5 a4 19. Nc1 g6 20. Qh6 Qb6 21. Rb1 Ng7 22. Nce2 Qb5 23. Rf3 Rfc8 24. Rbf1 Bf8 25. fxg6 fxg6 26. Rf7 Be6 27. R7f6 Nf5 28. Rxf8+ Rxf8 29. exf5 Bxf5 30. Nxf5 gxf5 31. g6 Qd7 32. Kh1 Qc6+ 33. Kh2 hxg6 34. Rg1 Ra6 35. Ng3 Rf7 36. Bg5 Rh7 37. Nxf5 Rxh6 38. Nxh6+ Kg7 39. Rf1 Qd7 40. Ng4 Qc7 41. Bh6+ Kh7 42. Bg5 Qd7 43. Nf6+ 1-0


[Site "https://www.chess.com"]

[Event "Titled Tuesday Blitz December 27 Early 2022"]
[White "Sargissyan, Sargis"]
[Black "Marjanovic, Annamaria"]
[WhiteFideId "13303210"]
[BlackFideId "750930"]
[WhiteElo "2234"]
[BlackElo "2273"]
[Result "0-1"]
[Round "06"]
[TimeControl "180+2"]
[Date "2022.12.27"]
[WhiteClock "0:00:02"]
[BlackClock "0:00:19"]

1. e4 e6 2. d4 d5 3. Nc3 Nf6 4. Bg5 Bb4 5. e5 h6 6. Be3 Ne4 7. Qg4 g6 8. a3 Bxc3+ 9. bxc3 c5 10. Bd3 h5 11. Qf4 g5 12. Qf3 Nxc3 13. dxc5 Nc6 14. Qg3 Ne4 15. Bxe4 dxe4 16. Qxg5 Qa5+ 17. Kf1 Qc3 18. Rd1 Bd7 19. Ne2 Qxc2 20. Rc1 Qb2 21. Qf6 Qxe5 22. Qxe5 Nxe5 23. Bd4 f6 24. Bxe5 fxe5 25. Nc3 Bc6 26. Ke2 Rg8 27. Rhg1 Rd8 28. Rcd1 Ke7 29. Rxd8 Rxd8 30. Rd1 Rd4 31. Ke3 Rc4 32. Ne2 Rxc5 0-1


[Site "https://www.chess.com"]

[Event "Titled Tuesday Blitz December 27 Early 2022"]
[White "Sargsyan, Anna M."]
[Black "Rose, Felix"]
[WhiteFideId "13308130"]
[BlackFideId "5105722"]
[WhiteElo "2375"]
[BlackElo "2091"]
[Result "1-0"]
[Round "06"]
[TimeControl "180+2"]
[Date "2022.12.27"]
[WhiteClock "0:02:10"]
[BlackClock "0:00:03"]

1. d4 d5 2. c4 e6 3. Nf3 Nf6 4. Nc3 Be7 5. Bf4 O-O 6. e3 b6 7. cxd5 Nxd5 8. Nxd5 Qxd5 9. a3 c5 10. dxc5 Qxc5 11. Bd3 Ba6 12. Bxa6 Qa5+ 13. Nd2 Qxa6 14. Qe2 Qxe2+ 15. Kxe2 Nc6 16. Rac1 Rfc8 17. Nc4 Kf8 18. Rhd1 Ke8 19. b4 b5 20. Nd6+ Bxd6 21. Bxd6 a5 22. Kf3 axb4 23. axb4 f6 24. g4 Ra6 25. Kg3 Ra2 26. h4 e5 27. Rc5 Na7 28. Rcd5 Rcc2 29. Bc5 Nc6 30. Rd6 Ne7 31. Re6 Rxc5 32. bxc5 Kf7 33. Rb6 Rc2 34. Rxb5 Nc6 35. Rd6 1-0


[Site "https://www.chess.com"]

[Event "Titled Tuesday Blitz December 27 Early 2022"]
[White "Shahaliyev, Ismayil"]
[Black "Roque Sola, Jose Luis"]
[WhiteFideId "13406388"]
[BlackFideId "5120390"]
[WhiteElo "2400"]
[BlackElo "2217"]
[Result "1-0"]
[Round "06"]
[TimeControl "180+2"]
[Date "2022.12.27"]
[WhiteClock "0:01:57"]
[BlackClock "0:00:47"]

1. d4 Nf6 2. c4 g6 3. Nc3 d5 4. cxd5 Nxd5 5. e4 Nxc3 6. bxc3 Bg7 7. Be3 c5 8. Qd2 O-O 9. Rc1 cxd4 10. cxd4 b6 11. Nf3 Bb7 12. Bd3 Nd7 13. O-O Nf6 14. d5 Rc8 15. h3 Nd7 16. Bh6 Nc5 17. Bb1 Ba6 18. Rfd1 Na4 19. Bxg7 Kxg7 20. Qd4+ 1-0


[Site "https://www.chess.com"]

[Event "Titled Tuesday Blitz December 27 Early 2022"]
[White "Silva, Miguel Antonio Neto"]
[Black "Minko, Dmitry"]
[WhiteFideId "1911929"]
[BlackFideId "24188468"]
[WhiteElo "2204"]
[BlackElo "2247"]
[Result "0-1"]
[Round "06"]
[TimeControl "180+2"]
[Date "2022.12.27"]
[WhiteClock "0:00:17"]
[BlackClock "0:00:01"]

1. e4 e5 2. Nf3 Nc6 3. Bc4 Nf6 4. d3 h6 5. c3 g6 6. a4 Bg7 7. b4 a6 8. b5 axb5 9. Bxb5 d6 10. Nbd2 O-O 11. Bb2 Na5 12. d4 exd4 13. cxd4 d5 14. e5 Ne4 15. h3 Nxd2 16. Nxd2 c6 17. Bd3 c5 18. dxc5 Nc6 19. Nf3 Qa5+ 20. Qd2 Re8 21. Bb5 Bf5 22. O-O Qxd2 23. Nxd2 Bxe5 24. Bxe5 Rxe5 25. Rfe1 Rxe1+ 26. Rxe1 Kf8 27. g4 Be6 28. f3 Nd4 29. Rb1 Rc8 30. c6 bxc6 31. Bd3 Ra8 32. Ra1 c5 33. Kf2 c4 34. Ke3 Nc6 35. Bc2 d4+ 36. Kf4 d3 37. Bd1 c3 38. Ke3 cxd2 39. Kxd2 Na5 40. Kxd3 Nb3 41. Bxb3 Bxb3 42. a5 Bd5 43. Ke3 Ke7 44. a6 Kd6 45. a7 f5 46. Ra5 Bb7 47. Rb5 Bc6 48. Ra5 Kc7 49. g5 hxg5 50. Kd4 Kb6 51. Ra1 Rxa7 52. Ke5 Rxa1 0-1


[Site "https://www.chess.com"]

[Event "Titled Tuesday Blitz December 27 Early 2022"]
[White "Skvortsov, Andrei"]
[Black "Grigoriants, Sergey"]
[WhiteFideId "24108600"]
[BlackFideId "4130804"]
[WhiteElo "2313"]
[BlackElo "2562"]
[Result "0-1"]
[Round "06"]
[TimeControl "180+2"]
[Date "2022.12.27"]
[WhiteClock "0:00:07"]
[BlackClock "0:00:08"]

1. e4 c6 2. e5 d6 3. exd6 Qxd6 4. d4 Nf6 5. Nf3 Bg4 6. Be2 Nbd7 7. h3 Bh5 8. c3 e6 9. O-O Be7 10. Re1 O-O 11. Nbd2 Qc7 12. Nf1 h6 13. a4 Rad8 14. Qb3 Rfe8 15. Ng3 Bg6 16. a5 Bd6 17. Nf1 Nd5 18. Bc4 b5 19. axb6 axb6 20. Bd2 b5 21. Be2 Rb8 22. Qd1 c5 23. Ne3 Nf4 24. Bf1 Nd3 25. Bxd3 Bxd3 26. Ng4 cxd4 27. cxd4 Bf5 28. Rc1 Qb7 29. Qb3 Rbc8 30. Nge5 Nf6 31. Bb4 Bb8 32. Bd2 Qd5 33. Qe3 Bd6 34. b3 Ba3 35. Rxc8 Rxc8 36. Bc1 Bb4 37. Rd1 Bc2 38. Rf1 Qxb3 39. Qf4 Bh7 40. Qh4 Be7 41. Qg3 Kf8 42. Qf4 b4 43. Qd2 Qc2 44. Qf4 b3 45. Ng4 Nxg4 46. hxg4 Qe4 47. Qd2 Bd6 48. Qa5 Qxg4 49. Qb6 Be7 50. Qxb3 Be4 51. Ne1 Bd5 52. Qb1 Qf5 53. Qxf5 exf5 54. Nf3 Bxf3 55. gxf3 Rd8 56. Be3 Bf6 57. Rd1 Rd5 58. f4 Ke7 59. Kg2 Ke6 60. Kf3 Rd7 61. Ke2 g5 62. Kf3 g4+ 63. Ke2 h5 64. Ra1 h4 65. Ra6+ Rd6 66. Ra1 Bxd4 67. Bxd4 Rxd4 68. Ra6+ Rd6 69. Ra8 h3 70. Rh8 Rd4 71. f3 Rxf4 72. fxg4 fxg4 73. Ke3 Rf3+ 74. Ke4 f5+ 75. Kd4 g3 76. Rh6+ Kf7 77. Ke5 g2 0-1


[Site "https://www.chess.com"]

[Event "Titled Tuesday Blitz December 27 Early 2022"]
[White "Slade, Theodore"]
[Black "Mikhailovsky, Vladimir"]
[WhiteFideId "426547"]
[BlackFideId "34105414"]
[WhiteElo "1995"]
[BlackElo "2215"]
[Result "1/2-1/2"]
[Round "06"]
[TimeControl "180+2"]
[Date "2022.12.27"]
[WhiteClock "0:00:21"]
[BlackClock "0:00:13"]

1. d4 d5 2. c4 c6 3. Nc3 Nf6 4. e3 Bf5 5. cxd5 cxd5 6. Qb3 Nc6 7. Qxb7 Bd7 8. Qb3 Rb8 9. Qd1 e5 10. dxe5 Nxe5 11. Be2 Bd6 12. Nf3 Nxf3+ 13. Bxf3 O-O 14. Nxd5 Nxd5 15. Qxd5 Be6 16. Qd1 Bb4+ 17. Bd2 Bxd2+ 18. Qxd2 Qxd2+ 19. Kxd2 Rxb2+ 20. Kc3 Rxf2 21. Rhf1 Rc8+ 22. Kb4 Rb2+ 23. Ka3 Rcc2 24. Rfc1 Rxa2+ 25. Rxa2 Rxa2+ 26. Kb4 a5+ 27. Kc3 Kf8 28. Rb1 Ke7 29. Rb6 g5 30. h3 h5 31. Ra6 g4 32. hxg4 hxg4 33. Bc6 Ra3+ 34. Kd4 Ra1 35. Ke5 Kf8 36. Kf6 Rf1+ 37. Ke5 Kg7 38. Ke4 Rc1 39. Bd5 Bxd5+ 40. Kxd5 Rg1 41. Ke4 Rxg2 42. Rxa5 Kg6 43. Kf4 f6 44. Rb5 Rg1 45. e4 Kh6 46. Rb6 Kg7 47. Ra6 g3 48. Kf3 g2 49. Kf2 Re1 50. Kxg2 Rxe4 51. Kf3 Re5 52. Kf4 Kg6 53. Rb6 Rc5 54. Ra6 Rb5 55. Ra4 Rh5 56. Kg4 f5+ 57. Kg3 Kg5 58. Ra5 Rh1 59. Kg2 Rb1 60. Ra4 Rb2+ 61. Kf3 Rb3+ 62. Kf2 Rc3 63. Kg2 Rb3 64. Kf2 Rh3 65. Rb4 Rd3 66. Ra4 Rd7 67. Rb4 Re7 68. Ra4 Re6 69. Rb4 Ra6 70. Rc4 Rb6 71. Ra4 Rb3 72. Rc4 Rb8 73. Ra4 Rc8 74. Rb4 Ra8 75. Rc4 f4 76. Rc7 Kf5 77. Rf7+ Ke5 78. Re7+ Kf6 79. Rb7 Ra3 80. Rb8 Ke5 81. Re8+ Kd4 82. Re7 Rb3 83. Re8 Re3 84. Rxe3 fxe3+ 85. Ke2 Ke4 86. Ke1 Kf4 87. Ke2 Ke4 88. Ke1 Kd3 89. Kd1 Kd4 90. Ke2 Ke4 1/2-1/2


[Site "https://www.chess.com"]

[Event "Titled Tuesday Blitz December 27 Early 2022"]
[White "Sourath Biswas"]
[Black "Devaev, Alexander"]
[WhiteFideId "35091484"]
[BlackFideId "4169395"]
[WhiteElo "2281"]
[BlackElo "2325"]
[Result "1-0"]
[Round "06"]
[TimeControl "180+2"]
[Date "2022.12.27"]
[WhiteClock "0:01:57"]
[BlackClock "0:00:06"]

1. d4 Nf6 2. Bf4 d5 3. e3 c5 4. Nf3 cxd4 5. exd4 Nc6 6. c3 g6 7. Nbd2 Bg7 8. Be2 O-O 9. h3 Bf5 10. O-O Ne4 11. Qb3 Nxd2 12. Nxd2 Na5 13. Qb4 a6 14. Nb3 Nxb3 15. axb3 Qd7 16. Ra5 h5 17. Re1 Rfc8 18. Bf3 e6 19. c4 Bf8 20. c5 Bd3 21. Rd1 Bb5 22. Qd2 Qd8 23. Raa1 Bg7 24. b4 Qd7 25. Qe3 Re8 26. Be5 Bf8 27. Qf4 Bg7 28. Re1 Rac8 29. g4 hxg4 30. hxg4 Bxe5 31. Rxe5 Kg7 32. g5 Rh8 33. Qf6+ Kg8 34. Rae1 Qd8 35. Rxe6 fxe6 36. Qxg6+ Kf8 37. Rxe6 1-0


[Site "https://www.chess.com"]

[Event "Titled Tuesday Blitz December 27 Early 2022"]
[White "Sreyas Payyappat"]
[Black "Musovic, Armin"]
[WhiteFideId "46674969"]
[BlackFideId "939935"]
[WhiteElo "2076"]
[BlackElo "2261"]
[Result "1-0"]
[Round "06"]
[TimeControl "180+2"]
[Date "2022.12.27"]
[WhiteClock "0:00:41"]
[BlackClock "0:00:54"]

1. e4 c6 2. d4 d5 3. Nc3 dxe4 4. Nxe4 Nf6 5. Nxf6+ exf6 6. Bc4 Na6 7. Nf3 Be7 8. O-O O-O 9. Re1 Bg4 10. c3 b5 11. Bd3 Bh5 12. Qc2 Bg6 13. Bxg6 hxg6 14. Bf4 Nc7 15. b3 Nd5 16. Bg3 a5 17. a3 b4 18. axb4 Re8 19. bxa5 Rxa5 20. c4 Rxa1 21. Rxa1 Nb4 22. Qc3 Bf8 23. h3 g5 24. Ra4 f5 25. Rxb4 Bxb4 26. Qxb4 g4 27. hxg4 fxg4 28. Ne5 Qxd4 29. Nxc6 Re1+ 30. Qxe1 Qxf2+ 1-0


[Site "https://www.chess.com"]

[Event "Titled Tuesday Blitz December 27 Early 2022"]
[White "Stork, Oliver"]
[Black "Lewtak, Damian"]
[WhiteFideId "12955728"]
[BlackFideId "1141724"]
[WhiteElo "2342"]
[BlackElo "2381"]
[Result "0-1"]
[Round "06"]
[TimeControl "180+2"]
[Date "2022.12.27"]
[WhiteClock "0:00:01"]
[BlackClock "0:00:14"]

1. d4 g6 2. Nf3 Bg7 3. c4 d6 4. Nc3 e5 5. g3 Nc6 6. dxe5 dxe5 7. Qxd8+ Nxd8 8. Bg2 Be6 9. Nd5 Rc8 10. Ng5 c6 11. Nxe6 Nxe6 12. Nc3 Bh6 13. e3 Bf8 14. Ke2 Bb4 15. Bd2 f5 16. a3 Be7 17. b4 Nf6 18. Rhc1 Kf7 19. Na4 h5 20. h4 e4 21. Ke1 Ng4 22. Bf1 Rhd8 23. c5 Ne5 24. Be2 Bf6 25. Bc3 Ke7 26. Nb2 g5 27. hxg5 Nxg5 28. Nc4 Nxc4 29. Bxf6+ Kxf6 30. Rxc4 Ke5 31. Rd1 Rxd1+ 32. Bxd1 Rh8 33. Rd4 h4 34. gxh4 Rxh4 35. Rd7 Rh1+ 36. Kd2 Rf1 37. Ke2 Rh1 38. Kd2 Rh7 39. Rxh7 Nxh7 40. Bb3 Nf6 41. a4 a5 42. bxa5 Nd7 43. a6 bxa6 44. a5 Nxc5 45. Bc4 Nb7 46. Bxa6 Nxa5 47. Kc3 c5 48. Bc8 Nc6 49. Kc4 Nb4 50. Kxc5 Nd3+ 51. Kc4 Nxf2 52. Kc3 Ng4 53. Kd2 Nf6 54. Bb7 Ne8 0-1


[Site "https://www.chess.com"]

[Event "Titled Tuesday Blitz December 27 Early 2022"]
[White "Szyszylo, Rafal"]
[Black "Mitrovic, Darko R"]
[WhiteFideId "1109626"]
[BlackFideId "927023"]
[WhiteElo "2091"]
[BlackElo "2220"]
[Result "1-0"]
[Round "06"]
[TimeControl "180+2"]
[Date "2022.12.27"]
[WhiteClock "0:00:21"]
[BlackClock "0:00:01"]

1. e4 e6 2. d4 d5 3. e5 c5 4. c3 Bd7 5. Nf3 Qb6 6. a3 Bb5 7. c4 Bxc4 8. Bxc4 dxc4 9. Nbd2 Nc6 10. dxc5 Bxc5 11. O-O Nge7 12. Nxc4 Qa6 13. Nd6+ Bxd6 14. exd6 Nd5 15. d7+ Kxd7 16. Ng5 Ke7 17. Qh5 Raf8 18. Nxh7 Rd8 19. Qg5+ Nf6 20. Nxf6 gxf6 21. Qc5+ Ke8 22. Be3 Qd3 23. b4 Qd5 24. Qc3 Rg8 25. g3 1-0


[Site "https://www.chess.com"]